 Dungeon Crawl Stone Soup version 0.28.0 (webtiles) character file.

Game seed: 9463328291319672952

73313 tilp the Severer (level 15, -12/132 HPs)
             Began as a Hill Orc Fighter on Feb 11, 2022.
             Was a High Priest of Okawaru.
             Mangled by an orc knight (20 damage)
             ... on level 2 of the Orcish Mines.
             The game lasted 00:33:56 (25582 turns).

tilp the Severer (Hill Orc Fighter)                Turns: 25582, Time: 00:33:57

Health: -12/132    AC: 24    Str: 30    XL:     15   Next: 43%
Magic:  0/23       EV: 15    Int:  8    God:    Okawaru [*****.]
Gold:   2735       SH: 12    Dex: 10    Spells: 14/14 levels left

rFire   + + .      SeeInvis .   b - +2 broad axe (flame)
rCold   . . .      Faith    .   D - +0 kite shield
rNeg    . . .      Spirit   +   x - +2 plate armour {rF+}
rPois   +          Reflect  .   s - +0 helmet
rElec   .          Harm     .   Q - scarf {+Inv}
rCorr   .          Rampage  .   h - +0 pair of gloves
Will    +....                   r - +1 pair of boots
Stlth   ..........              K - amulet of Rax Orchue {Spirit rPois Str+3}
HPRegen 0.32/turn               f - +4 ring of evasion
MPRegen 0.18/turn               u - ring of protection from fire

@: heroic
A: no striking features
a: Renounce Religion, Evoke Invisibility, Heroism, Finesse, Duel


You were on level 2 of the Orcish Mines.
You worshipped Okawaru.
Okawaru was extremely pleased with you.
You visited 3 branches of the dungeon, and saw 19 of its levels.
You also visited: Volcano.

You collected 2857 gold pieces.
You spent 122 gold pieces at shops.

Inventory:

Hand Weapons
 a - the +11 war axe of Plog {holy, rN+}
   (You found it on level 2 of the Dungeon)

   It has been blessed by the Shining One to cause great damage to the undead
   and demons.
   rN:        It protects you from negative energy.
 b - a +2 broad axe of flaming (weapon)
 w - a +2 lajatang of flaming
 z - a +1 fustibalus of flaming
Missiles
 c - 2 datura-tipped darts
 l - 59 poisoned darts (quivered)
 C - 5 silver javelins
 G - 28 boomerangs
Armour
 h - a +0 pair of gloves (worn)
 o - a +2 chain mail of fire resistance
 r - a +1 pair of boots (worn)
 s - a +0 helmet (worn)
 x - a +2 plate armour of fire resistance (worn)
 B - a +0 cloak
 D - a +0 kite shield (worn)
 Q - a scarf of invisibility (worn)
Jewellery
 f - a +4 ring of evasion (left hand)
 u - a ring of protection from fire (right hand)
 K - the amulet of Rax Orchue (around neck) {Spirit rPois Str+3}
   (You found it on level 10 of the Dungeon)

   [amulet of guardian spirit]

   It causes incoming damage to be divided between your reserves of health and
   magic.
   Str:       It affects your strength (+3).
   rPois:     It protects you from poison.
 P - a ring of see invisible
 V - a ring of positive energy
Wands
 k - a wand of digging (1)
 t - a wand of mindburst (9)
 I - a wand of acid (8)
Scrolls
 j - a scroll of fog
 q - 4 scrolls of fear
 y - 5 scrolls of blinking
 J - a scroll of teleportation
Potions
 d - 5 potions of might
 e - 3 potions of haste {unknown}
 g - 4 potions of mutation
 i - 3 potions of heal wounds
 m - 4 potions of flight
 n - 2 potions of cancellation
 p - 5 potions of attraction
 v - 10 potions of curing
 A - 2 potions of lignification
 E - 3 potions of ambrosia
 M - a potion of berserk rage {unknown}
 S - a potion of resistance
 U - a potion of invisibility {unknown}


   Skills:
 - Level 12.0(17.0) Fighting
 - Level 18.0(23.0) Axes
 - Level 8.0(13.0) Throwing
 - Level 10.0(15.0) Armour
 + Level 7.9(12.9) Dodging
 - Level 4.0(9.0) Stealth
 - Level 10.0(15.0) Shields
 + Level 11.2 Invocations
 - Level 8.0 Evocations


You had 14 spell levels left.
You didn't know any spells.
Your spell library contained the following spells:

 Spells                   Type           Power      Damage    Failure   Level
 Beastly Appendage        Tmut           0%         N/A       99%         1
 Pain                     Necr           0%         1d4       99%         1
 Sandblast                Erth           0%         2d4       99%         1
 Blink                    Tloc           0%         N/A       99%         2
 Corpse Rot               Necr/Air       0%         N/A       99%         2
 Passwall                 Tmut/Erth      0%         N/A       99%         2
 Poisonous Vapours        Pois/Air       0%         N/A       99%         2
 Wereblood                Tmut           0%         N/A       99%         2
 Lesser Beckoning         Tloc           0%         N/A       100%        3
 Spider Form              Tmut/Pois      0%         N/A       100%        3
 Stone Arrow              Conj/Erth      0%         3d7       100%        3
 Vampiric Draining        Necr           0%         2d6       100%        3
 Olgreb's Toxic Radiance  Pois           0%         N/A       100%        4
 Manifold Assault         Tloc           0%         N/A       100%        5
 Ozocubu's Refrigeration  Ice            0%         4d5       100%        7
 Ignition                 Fire           0%         3d3       100%        8
 Animate Skeleton         Necr           Unusable   N/A       N/A         1

Dungeon Overview and Level Annotations

Branches:
Dungeon (11/15)            Temple (0/1) D:5            Lair (6/6) D:11
  Swamp (0/4) Lair:2       Spider (0/4) Lair:3        Slime (0/5) Lair:6
    Orc (2/2) D:11            Elf (0/3) Orc:2       Volcano (visited)

Altars:
Okawaru
Vehumet
Wu Jian
Xom
Jiyva

Shops:
D:1 (   D:2 (   D:4 *

Annotations:
D:8 death knight!


Message History

The orc knight goes into a battle-frenzy!
You gain the combat prowess of a mighty hero.
The orc knight completely misses you. The orc knight misses you.
You block the orc knight's attack.
Unknown command.
You hit the orc knight. You burn the orc knight.
The orc knight is lightly wounded.
You hit the orc knight. You burn the orc knight.
The orc knight hits you with a +3 bardiche of protection!!
The orc knight hits you with a +3 long sword!!
Unknown command.
You slice the orc knight!! You burn the orc knight!
The orc knight is heavily wounded.
You slash the orc knight! You burn the orc knight.
The orc knight hits you but does no damage.
The orc knight hits you with a +3 long sword!!
Unknown command.
You are too injured to fight recklessly!
Unknown command.
You are too injured to fight recklessly!
Unknown command.
You are too injured to fight recklessly!
You hit the orc knight. You burn the orc knight.
The orc knight is severely wounded.
You slash the orc knight! You burn the orc knight.
Unknown command.
You slash the orc knight! You burn the orc knight.
The orc knight is almost dead.
You hit the orc knight but do no damage.
You block the orc knight's attack.
The orc knight hits you with a +3 long sword!
* * * LOW HITPOINT WARNING * * *
Unknown command.
You barely miss the orc knight.
The orc knight is almost dead.
You slash the orc knight! You burn the orc knight.
The orc knight hits you with a +3 bardiche of protection!!!
* * * LOW HITPOINT WARNING * * *
The orc knight hits you with a +3 long sword!!
You die...

,***,***,#.##...###.###.####.##..
,,,,,,,,,................#.......
,,,,,,,,,...................)))..
,,,,,,,,,...........#.##.....)).)
,,,,,,,,*..........#.##.....)))))
,,,,,,,,,.........)....≈≈≈≈≈)≈)))
,,,,,,,,........#.....))######')#
,,,,,,.................≈#....#.)#
,,,,,...........@....))≈#....#..#
,,,,,...........oo.).).≈#....'..'
,,,,,............)))...≈#....#..#
,,,,,...........)......≈#...(#..#
,,,,,................).≈#########
,,,,,..................≈≈)≈≈≈≈≈≈≈
,,,,,..............#.).)..)..))..
,,,,,.......)......#....#.....#).
,,,,,..................###.#.##..


You could see 2 orc knights.

Vanquished Creatures
  The ghost of braks the Cleaver, a journeyman PaMo of Uskayaw (Lair:4)
  9 hydras
  3 two-headed ogres
  4 boulder beetles
  A catoblepas (Lair:5)
  The ghost of Cato the Destroyer, a journeyman DECj of Sif Muna (Lair:2)
  4 death yaks (Lair:6)
  3 orc high priests (Orc:2)
  A hell knight (Volcano)
  Sonja (D:10)
  A sun demon (Volcano)
  A glowing orange brain (Lair:2)
  5 orc knights
  Pikel (D:6)
  3 orc sorcerers
  An ugly thing (Volcano)
  A cyclops (D:11)
  8 elephants
  Maurice (D:8)
  2 torpor snails
  7 black mambas
  2 molten gargoyles (Volcano)
  10 cane toads
  An unseen horror (D:5)
  19 komodo dragons
  2 rime drakes
  2 kobold demonologists (D:10)
  2 red devils (Volcano)
  9 polar bears
  Grinder (D:6)
  4 trolls
  5 hornets
  16 blink frogs
  Prince Ribbit (D:7)
  3 dream sheep
  A meliai zombie (D:11)
  3 slime creatures (Lair:2)
  2 shadows
  Eustachio (D:4)
  4 wyverns
  12 spriggans (Lair:6)
  2 wraiths (D:11)
  2 fire bats (Volcano)
  58 yaks
  Grum (D:8)
  9 basilisks
  A steam dragon (D:7)
  5 wargs (Orc:2)
  An acid dragon (D:10)
  15 water moccasins
  A hell hound (Volcano)
  11 black bears
  31 orc warriors
  An ice beast (D:6)
  2 necrophages
  3 ogres
  2 boggarts (Lair:6)
  19 wolves
  7 centaurs
  A phantom (D:5)
  3 lemures (D:6)
  5 kobold brigands
  Blork the orc (D:6)
  14 bullfrogs
  A gnoll sergeant (D:9)
  A wyvern zombie (D:8)
  4 scorpions
  2 water moccasin zombies
  A wyvern skeleton (D:6)
  3 killer bees (D:9)
  6 wights
  A bullfrog zombie (D:6)
  6 lava snakes (Volcano)
  6 centaur zombies
  3 jellies
  2 bullfrog skeletons (D:5)
  25 orc priests
  3 hounds
  An iguana (D:5)
  A gnoll shaman (D:8)
  Jessica (D:2)
  Ijyb (D:5)
  Terence (D:2)
  12 orc wizards
  A hell rat (Lair:5)
  A centaur simulacrum (D:10)
  A hound zombie (D:5)
  A hound skeleton (D:4)
  3 howler monkey zombies
  15 gnolls
  A howler monkey skeleton (D:7)
  6 adders
  A shadow imp (D:8)
  2 white imps (D:10)
  3 ufetubi
  An adder skeleton (D:4)
  4 dart slugs
  63 orcs
  6 ball pythons
  2 bats
  3 endoplasms
  5 giant cockroaches
  7 goblins
  4 hobgoblins
  A jackal (D:2)
  3 quokkas
  3 frilled lizards
  A jackal skeleton (D:4)
  20 kobolds
  3 rats
  3 bushes (Lair:3)
599 creatures vanquished.

Vanquished Creatures (others)
  An orc priest (Orc:2)
  A bush (Lair:3)
  77 fungi
  84 plants
163 creatures vanquished.

Grand Total: 762 creatures vanquished

Notes
Turn   | Place    | Note
-------+----------+-------------------------------------------
     0 | D:1      | tilp the Hill Orc Fighter began the quest for the Orb.
     0 | D:1      | Reached XP level 1. HP: 19/19 MP: 1/1
    16 | D:1      | Reached skill level 3 in Axes
   496 | D:1      | Reached XP level 2. HP: 27/27 MP: 2/2
   992 | D:1      | Found Luvvueta's Antique Weapon Shop.
  1135 | D:1      | Reached skill level 4 in Axes
  1356 | D:2      | Identified the +11 war axe of Plog {holy, rN+}
  1391 | D:2      | Found a faded altar of an unknown god.
  1393 | D:2      | Noticed Jessica
  1398 | D:2      | Reached XP level 3. HP: 33/33 MP: 3/3
  1400 | D:2      | Killed Jessica
  1401 | D:2      | Reached skill level 5 in Axes
  1401 | D:2      | Reached XP level 4. HP: 40/40 MP: 4/4
  1477 | D:2      | Found Mutuwu's Weapon Shoppe.
  1532 | D:2      | Noticed Terence
  1537 | D:2      | Killed Terence
  1538 | D:2      | Reached skill level 6 in Axes
  2108 | D:3      | Reached XP level 5. HP: 46/46 MP: 5/5
  2243 | D:4      | Found an iron altar of Okawaru.
  2262 | D:4      | Reached skill level 7 in Axes
  2314 | D:4      | Became a worshipper of Warmaster Okawaru
  2401 | D:4      | Noticed Eustachio
  2410 | D:4      | Found Fykk's Assorted Antiques.
  2420 | D:4      | Killed Eustachio
  2421 | D:4      | Reached skill level 8 in Axes
  2421 | D:4      | Reached skill level 1 in Invocations
  2421 | D:4      | Reached XP level 6. HP: 34/52 MP: 6/6
  2539 | D:4      | Bought 3 scrolls labelled PYESEU INULL for 75 gold pieces
  2539 | D:4      | Bought an orange potion for 22 gold pieces
  2638 | D:4      | You fall into a shaft and drop 3 floors!
  2707 | D:5      | Entered Level 5 of the Dungeon
  2737 | D:5      | Reached * piety under Okawaru
  2738 | D:5      | Reached skill level 1 in Stealth
  2738 | D:5      | Reached XP level 7. HP: 60/60 MP: 6/8
  2764 | D:5      | Noticed Ijyb
  2777 | D:5      | Killed Ijyb
  2796 | D:5      | Reached skill level 1 in Dodging
  3098 | D:4      | Reached skill level 9 in Axes
  3203 | D:4      | Bought a scroll labelled FUGENA JABOWE for 25 gold pieces
  3206 | D:4      | Identified a scroll of acquirement
  3206 | D:4      | Acquired 743 gold pieces
  3249 | D:5      | Reached XP level 8. HP: 59/67 MP: 9/9
  3323 | D:5      | Found a staircase to the Ecumenical Temple.
  3493 | D:5      | Killed an unseen horror
  3493 | D:5      | Reached ** piety under Okawaru
  3494 | D:5      | Reached skill level 5 in Fighting
  3494 | D:5      | Reached skill level 10 in Axes
  4076 | D:6      | Noticed Pikel
  4079 | D:6      | Reached skill level 11 in Axes
  4090 | D:6      | Killed Pikel
  4090 | D:6      | Reached *** piety under Okawaru
  4091 | D:6      | Reached skill level 12 in Axes
  4091 | D:6      | Reached skill level 1 in Evocations
  4091 | D:6      | Reached XP level 9. HP: 30/75 MP: 10/12
  4316 | D:6      | Noticed Grinder
  4328 | D:6      | Killed Grinder
  4504 | D:6      | Reached **** piety under Okawaru
  4758 | D:6      | Noticed Blork the orc
  4766 | D:6      | Killed Blork the orc
  4767 | D:6      | Reached skill level 13 in Axes
  5265 | D:7      | Noticed Prince Ribbit
  5277 | D:7      | Killed Prince Ribbit
  5335 | D:7      | Reached XP level 10. HP: 53/83 MP: 13/13
  5676 | D:7      | Reached skill level 14 in Axes
  6089 | D:8      | Noticed a death knight
  6534 | D:8      | Noticed Grum
  6550 | D:8      | Killed Grum
  6914 | D:8      | Reached skill level 15 in Axes
  7025 | D:8      | Noticed Maurice
  7047 | D:8      | Killed Maurice
  7446 | D:8      | Reached ***** piety under Okawaru
  7447 | D:8      | Reached skill level 16 in Axes
  8134 | D:9      | Reached skill level 1 in Throwing
  8379 | D:9      | Received a gift from Okawaru
  8480 | D:9      | Reached XP level 11. HP: 65/91 MP: 14/14
  8959 | D:10     | Entered Level 10 of the Dungeon
  8966 | D:10     | Noticed a two-headed ogre
  8973 | D:10     | Reached skill level 5 in Invocations
  8980 | D:10     | Killed a two-headed ogre
  8981 | D:10     | Reached skill level 5 in Armour
  8981 | D:10     | Reached skill level 5 in Shields
  9298 | D:10     | Noticed Sonja
  9302 | D:10     | Killed Sonja
  9302 | D:10     | Received a gift from Okawaru
  9303 | D:10     | Reached skill level 5 in Evocations
  9518 | D:10     | Noticed a sun demon
  9522 | D:10     | Identified the +0 ring mail of Okawaru's Whim {-Tele rCorr
                  | Str+4 Int+6} (Okawaru gifted it to you on level 10 of the
                  | Dungeon)
  9522 | D:10     | Received a gift from Okawaru
  9725 | D:10     | Identified the amulet of Rax Orchue {Spirit rPois Str+3}
 10123 | D:11     | Noticed a two-headed ogre
 10130 | D:11     | Killed a two-headed ogre
 10131 | D:11     | Reached skill level 5 in Dodging
 10277 | D:11     | Found a staircase to the Orcish Mines.
 10383 | D:11     | Noticed a six-headed hydra
 10392 | D:11     | Killed a two-headed hydra
 10463 | D:11     | Noticed a boulder beetle
 10482 | D:11     | Killed a boulder beetle
 10485 | D:11     | Noticed a cyclops
 10495 | D:11     | Killed a cyclops
 10496 | D:11     | Reached XP level 12. HP: 90/101 MP: 14/17
 10518 | D:11     | Found a staircase to the Lair.
 10609 | D:11     | Noticed a two-headed ogre
 10926 | D:11     | Killed a two-headed ogre
 10926 | D:11     | Received a gift from Okawaru
 11450 | Lair:1   | Entered Level 1 of the Lair of Beasts
 11591 | Lair:1   | Identified the +6 executioner's axe of Okawaru's Anger
                  | {vorpal, rC+ rCorr Int-5 Stlth+} (Okawaru gifted it to you
                  | on level 1 of the Lair of Beasts)
 11591 | Lair:1   | Received a gift from Okawaru
 12090 | Lair:1   | Noticed a boulder beetle
 12112 | Lair:1   | Killed a boulder beetle
 12699 | Lair:2   | Noticed Cato's ghost (journeyman DECj)
 12699 | Lair:2   | Found a runed translucent gate.
 12699 | Lair:2   | Found a runed translucent gate.
 12699 | Lair:2   | Found a runed translucent gate.
 12779 | Lair:2   | Noticed a five-headed hydra
 12786 | Lair:2   | Killed a two-headed hydra
 12883 | Lair:2   | Found a staircase to the Swamp.
 12888 | Lair:2   | Received a gift from Okawaru
 13401 | Lair:2   | Identified the +1 ring mail of the Game of Kings {rPois}
                  | (Okawaru gifted it to you on level 2 of the Lair of Beasts)
 13401 | Lair:2   | Received a gift from Okawaru
 13402 | Lair:2   | Reached XP level 13. HP: 27/111 MP: 9/19
 13471 | Lair:2   | Found a shimmering altar of Xom.
 13913 | Lair:2   | Found a viscous altar of Jiyva.
 13914 | Lair:2   | Identified the +7 glaive "Uceuvees" {vorpal, rPois rCorr}
 14390 | Lair:3   | Reached skill level 17 in Axes
 14686 | Lair:3   | Found a hole to the Spider Nest.
 14740 | Lair:3   | Reached skill level 5 in Throwing
 14751 | Lair:3   | Reached skill level 10 in Fighting
 16095 | Lair:4   | Noticed braks's ghost (journeyman PaMo)
 16149 | Lair:4   | Found a runed translucent door.
 16382 | Lair:4   | Reached skill level 18 in Axes
 16718 | Lair:4   | Killed braks's ghost
 17205 | Lair:5   | Reached ****** piety under Okawaru
 17215 | Lair:5   | Received a gift from Okawaru
 17295 | Lair:5   | Reached XP level 14. HP: 116/122 MP: 17/20
 17466 | Lair:5   | Found an ornate altar of the Wu Jian Council.
 17589 | Lair:5   | Identified the +0 tower shield of Dishonesty {Harm Fly rN+
                  | Str-5} (Okawaru gifted it to you on level 5 of the Lair of
                  | Beasts)
 17589 | Lair:5   | Received a gift from Okawaru
 18222 | Lair:6   | Entered Level 6 of the Lair of Beasts
 18892 | Lair:6   | Found a viscous altar of Jiyva.
 18893 | Lair:6   | Found a staircase to the Slime Pits.
 19712 | Lair:6   | Received a gift from Okawaru
 20578 | Lair:6   | Identified the +3 executioner's axe of Skepticism {vorpal,
                  | Str+4} (Okawaru gifted it to you on level 6 of the Lair of
                  | Beasts)
 20578 | Lair:6   | Received a gift from Okawaru
 20592 | Lair:6   | Reached skill level 10 in Invocations
 21437 | Lair:2   | Killed Cato's ghost
 21495 | Lair:2   | Acquired a +1 executioner's axe of freezing
 21580 | Orc:1    | Entered Level 1 of the Orcish Mines
 21610 | D:11     | Reached XP level 15. HP: 33/130 MP: 0/22
 22175 | Orc:2    | Entered Level 2 of the Orcish Mines
 22184 | Orc:2    | Found a staircase to the Elven Halls.
 22230 | Orc:2    | Found a dark tunnel.
 22248 | Volcano  | Entered a volcano
 22465 | Volcano  | Found a bloodstained altar of Trog.
 22976 | Orc:1    | Found a radiant altar of Vehumet.
 22976 | Orc:1    | You fall into a shaft and drop 1 floor!
 23339 | Orc:1    | Paralysed by an orc sorcerer for 6 turns
 23348 | Orc:1    | Received a gift from Okawaru
 24016 | Orc:2    | Reached skill level 10 in Armour
 24516 | Orc:2    | Reached skill level 10 in Shields
 24838 | Orc:2    | Received a gift from Okawaru
 25582 | Orc:2    | Mangled by an orc knight

Illustrated notes

Levels and vault maps discovered:
D:1:      eino_arrival_water_star, layout_basic, serial_shops,
          nicolae_shop_stone
D:2:      layout_rooms, dreamdust_ecumenical_altar_grove, serial_shops,
          nicolae_shop_bloodbath_and_beyond, minmay_tiny_reverse_x,
          uniq_terence, uniq_jessica
D:3:      layout_rooms
D:4:      layout_cave_pools, okawaru_trees_1, serial_shops, shop, uniq_eustachio
D:5:      layout_basic, minmay_temple_entry_gardened_gates, uniq_ijyb
D:6:      layout_basic, minmay_misc_feat_secret_circle, uniq_grinder,
          uniq_blork_the_orc, uniq_pikel
D:7:      layout_loops_ring, hangedman_decor_growths,
          amcnicky_mini_rare_corridor_liquid, uniq_prince_ribbit1
D:8:      layout_loops_ring, minmay_fractal_squares_5, uniq_maurice, uniq_grum
D:9:      layout_long_grid
D:10:     layout_big_octagon, serial_ice, serial_ice_c, serial_ice_e,
          serial_ice_l, serial_ice_a, uniq_sonja
D:11:     layout_basic, due_lair_maze_entry_diamond
Lair:1:   layout_chaotic_city, nicolae_quartered_pool_little,
          infiniplex_staircase_pool_2
Lair:2:   layout_small_grid, swamp_mist, basic_altar, gammafunk_ghost_ooze,
          minivault_24, serial_bayou_shore_b
Lair:3:   layout_cave_pods, spider_nest_entry_web_field, serial_rivers,
          chequers_serial_rivers_room_b, chequers_serial_rivers_micro_e,
          chequers_serial_rivers_marsh, chequers_serial_rivers_micro_c,
          chequers_serial_rivers_small_3, chequers_serial_rivers_large_a,
          minmay_hedge_maze, grunt_forest_small_clearings
Lair:4:   layout_gridlike, hellmonk_ghost_happy_afterlife, lemuel_fruit_fields,
          serial_bayou_shore_a
Lair:5:   nzn_winding_woodlands_stair_trap [nzn_winding_woodlands_5x15_crooked,
          nzn_winding_woodlands_5x15_twine, nzn_winding_woodlands_5x15_zeroes,
          nzn_winding_woodlands_15x15_killbox,
          nzn_winding_woodlands_5x15_sidewinder,
          nzn_winding_woodlands_5x15_concentric,
          nzn_winding_woodlands_5x15_default], layout_misc_corridors,
          basic_altar
Lair:6:   minmay_lair_end_enchanted_forest, layout_regular_city, slime_altar_1
Orc:1:    layout_caves, basic_altar
Orc:2:    st_orc_pillars, layout_diamond_mine, nicolae_volcano_entry_lava_flow,
          nooodl_orcs_dogs

Skill      XL: |  1  2  3  4  5  6  7  8  9 10 11 12 13 14 15 |
---------------+----------------------------------------------+-----
Axes           | 3 4 5 6 8 9 12 13 16 18 | 18.0
Fighting       | 4 6 7 9 10 11 12 | 12.0
Invocations    | 1 2 4 6 8 10 11 | 11.2
Stealth        | 1 2 3 4 |  4.0
Dodging        | 1 2 3 4 5 6 7 |  7.9
Armour         | 4 6 7 8 9 10 | 10.0
Shields        | 4 6 7 8 9 10 | 10.0
Evocations     | 1 3 4 5 6 7 8 |  8.0
Throwing       | 1 3 4 6 7 8 |  8.0

Action                   |  1- 3 |  4- 6 |  7- 9 | 10-12 | 13-15 || total
-------------------------+-------+-------+-------+-------+-------++-------
Melee: War axe           |    55 |    71 |   134 |   262 |       ||   522
       Broad axe         |       |       |       |   239 |   990 ||  1229
Throw: Stone             |     1 |    16 |       |       |       ||    17
       Dart              |       |       |       |     2 |       ||     2
Invok: Heroism           |       |       |     2 |    14 |    23 ||    39
       Finesse           |       |       |       |       |     4 ||     4
 Abil: Evoke Invisibilit |       |       |       |       |     1 ||     1
Evoke: Wand              |       |       |       |     3 |     1 ||     4
  Use: Scroll            |     1 |     7 |    10 |     7 |    10 ||    35
       Potion            |       |       |       |       |     1 ||     1
 Stab: Invisible         |       |       |       |       |     5 ||     5
Armor: Scale mail        |    33 |    17 |    51 |    21 |       ||   122
       Plate armour      |       |       |       |   153 |   368 ||   521
Dodge: Dodged            |    28 |    26 |    62 |   185 |   397 ||   698
Block: Buckler           |    18 |    11 |    27 |    33 |       ||    89
       Kite shield       |       |       |       |   139 |   453 ||   592
